 Dungeon Crawl Stone Soup version 0.23.0 (webtiles) character file.

Game seed: 443120711748547815

2210 Oravi the Grappler (level 9, -8/78 HPs)
             Began as a Ghoul Necromancer on Feb 13, 2019.
             Was a Follower of Kikubaaqudgha.
             Killed from afar by Erica (11 damage)
             ... with a wand of acid (8)
             ... on level 8 of the Dungeon.
             The game lasted 00:32:02 (8744 turns).

Oravi the Grappler (Ghoul Necromancer)              Turns: 8744, Time: 00:32:02

Health: -8/78      AC:  2    Str: 12    XL:     9   Next: 35%
Magic:  19/19      EV: 10    Int: 13    God:    Kikubaaqudgha [*.....]
Gold:   465        SH:  4    Dex:  9    Spells: 4/11 levels left

rFire    . . .     SeeInvis .     - Unarmed
rCold    + . .     Gourm    .   H - +0 buckler
rNeg     + + +     Faith    .   i - +0 ring mail
rPois    ∞         Spirit   .   k - +0 helmet
rElec    .         Reflect  .   (no cloak)
rCorr    .         Harm     .   (no gloves)
MR       .....                  (no boots)
Stlth    +.........             (no amulet)
HPRegen  0.00/turn              y - ring of wizardry
MPRegen  0.16/turn              s - ring of magical power

@: corroded, rotting, slowed, very slow
A: rotting body, claws 1, carnivore, cold resistance 1, negative energy
resistance 3, inhibited regeneration, torment resistance, unbreathing
a: Receive Corpses, Renounce Religion


You were on level 8 of the Dungeon.
You worshipped Kikubaaqudgha.
Kikubaaqudgha was aware of your devotion.
You were not hungry.

You visited 2 branches of the dungeon, and saw 9 of its levels.

You collected 465 gold pieces.

Inventory:

Hand Weapons
 a - a +0 hunting sling
 b - a +2 whip of flaming
Missiles
 g - 305 stones (quivered)
 j - 51 poisoned needles
 u - 2 needles of confusion
 F - a throwing net {!f}
Armour
 i - a +0 ring mail (worn)
 k - a +0 helmet (worn)
 r - a +0 robe
 H - a +0 buckler (worn)
Jewellery
 p - an uncursed ring of resist corrosion
 s - a ring of magical power (right claw)
 y - a ring of wizardry (left claw)
Wands
 t - a wand of random effects (19)
 x - a wand of paralysis (5)
 B - a wand of polymorph (7)
 I - a wand of enslavement (6)
Scrolls
 d - 7 scrolls of teleportation {unknown}
 e - 3 scrolls of remove curse {unknown}
 h - 11 scrolls of identify {unknown}
 l - a scroll of noise {unknown}
 m - 3 scrolls of enchant weapon {unknown}
 w - 2 scrolls of magic mapping {unknown}
 C - 2 scrolls of fog {unknown}
 D - 2 scrolls of random uselessness {unknown}
 E - a scroll of immolation {unknown}
 J - 2 scrolls of enchant armour {unknown}
Potions
 f - 3 potions of mutation {unknown}
 n - 2 potions of brilliance {unknown}
 o - 3 potions of agility
 q - a potion of lignification {unknown}
 v - 3 potions of curing {unknown}
 z - 2 potions of might {unknown}
 A - 2 potions of heal wounds {unknown}
Comestibles
 c - 10 rations
 G - 8 chunks of flesh


   Skills:
 + Level 6.9 Fighting
 - Level 1.7 Dodging
 - Level 2.1 Stealth
 * Level 2.3 Shields
 * Level 9.9 Unarmed Combat
 + Level 1.9 Spellcasting
 + Level 5.2 Necromancy


You had 4 spell levels left.
You knew the following spells:

 Your Spells              Type           Power        Failure   Level  Hunger
a - Pain                  Necr           ##..         3%          1    ##.....
b - Animate Skeleton      Necr           N/A          3%          1    ##.....
c - Vampiric Draining     Necr           ##........   11%         3    ####...
d - Corpse Rot            Necr           N/A          5%          2    ###....

Your spell library contained the following spells:

 Spells                   Type           Power        Failure   Level  Hunger
 Regeneration             Chrm/Necr      #.........   28%         3    ####...
 Animate Dead             Necr           N/A          32%         4    #####..


Dungeon Overview and Level Annotations

Branches:
Dungeon (8/15)             Temple (1/1) D:6
   Lair: D:8-11

Altars:
Ashenzari
Cheibriados
Dithmenos
Elyvilon
Fedhas
Gozag
Hepliaklqana
Kikubaaqudgha
Makhleb
Nemelex Xobeh
Okawaru
Qazlal
Ru
Sif Muna
Trog
Uskayaw
Vehumet
Wu Jian
Xom
Yredelemnul
Zin
The Shining One

Shops:
D:8 [

Annotations:
D:3 dig, 1 exclusion
D:7 1 runed translucent door
D:8 Erica


Innate Abilities, Weirdness & Mutations

Your body is rotting away.
You thrive on raw meat.
You are immune to poison.
You have sharp fingernails.
You are carnivorous and can eat meat at any time.
Your flesh is cold resistant. (rC+)
You are immune to negative energy. (rN+++)
You do not regenerate when monsters are visible.
You are immune to unholy pain and torment.
You can survive without breathing.


Message History

Aiming: Random Effects Nothing appears to happen.
You hear a zap.
A bolt of acid appears from out of thin air!
The bolt of acid hits you! The acid corrodes you!
You are splashed with acid!
You hear some strange, mumbled words.
An orb of energy appears from out of thin air!
The orb of energy hits you!!
* * * LOW HITPOINT WARNING * * *
You hear a zap.
A bolt of acid appears from out of thin air!
The bolt of acid hits you!
* * * LOW HITPOINT WARNING * * *
You are splashed with acid!
* * * LOW HITPOINT WARNING * * *
You hear a zap.
A bolt of acid appears from out of thin air!
The bolt of acid hits you!
You die...
Kikubaaqudgha rasps: "You have failed me!
Welcome... oblivion!"

#(..###......#####.........
##..........## #.........
#..#.......# ##.........
##.#......### #..........
#....####..####..........
##.....####..##.........>#
#.......####............##
#.##......####.#.........#
#. ##.###.@....##.......##
# #.##Z......###......###
#....#####.##..........
#.....## ##.....#####...#
##...# ##.....## ##.## #..#
#......# #.## #..
#.####..## ##... #.# ..#
#....### #.### [.. ##.
#...#...###..##


You could see a friendly leopard gecko skeleton.

Vanquished Creatures
  A hippogriff (D:7)
  A water moccasin (D:8)
  An ice beast (D:7)
  A sky beast (D:6)
  3 orc warriors
  An ogre (D:7)
  A centaur (D:8)
  3 bullfrogs
  A big kobold (D:8)
  4 killer bees (D:8)
  3 crimson imps
  A centaur zombie (D:7)
  A jelly (D:7)
  2 orc priests (D:7)
  2 hounds (D:8)
  Jessica (D:3)
  An iguana (D:4)
  Terence (D:3)
  7 worker ants
  A hound zombie (D:7)
  A hound skeleton (D:6)
  A gnoll (D:4)
  A howler monkey skeleton (D:8)
  6 adders
  2 shadow imps (D:7)
  5 worms
  2 dart slugs (D:2)
  6 leopard geckos
  20 orcs
  6 giant cockroaches
  4 goblins
  4 hobgoblins
  11 jackals
  11 kobolds
  4 quokkas
  A ball python (D:3)
  4 bats
  3 frilled lizards
  A jackal skeleton (D:4)
  A jackal zombie (D:7)
  A quokka skeleton (D:8)
  8 rats
140 creatures vanquished.

Vanquished Creatures (collateral kills)
  An orc warrior (D:4)
  An iguana (D:4)
  A worker ant (D:5)
  A worker ant zombie (D:4)
  A bat (D:2)
  A rat (D:2)
6 creatures vanquished.

Grand Total: 146 creatures vanquished

Notes
Turn   | Place    | Note
-------+----------+-------------------------------------------
     0 | D:1      | Oravi the Ghoul Necromancer began the quest for the Orb.
     0 | D:1      | Reached XP level 1. HP: 14/14 MP: 2/2
   278 | D:1      | Reached skill level 1 in Unarmed Combat
   401 | D:1      | Reached XP level 2. HP: 22/22 MP: 1/3
   694 | D:1      | Reached skill level 1 in Fighting
  1150 | D:2      | Reached skill level 2 in Unarmed Combat
  1222 | D:2      | Reached XP level 3. HP: 6/28 MP: 1/4
  1449 | D:2      | Learned a level 1 spell: Animate Skeleton
  1453 | D:2      | Learned a level 3 spell: Vampiric Draining
  2166 | D:3      | Reached skill level 3 in Unarmed Combat
  2396 | D:2      | Reached XP level 4. HP: 8/35 MP: 3/5
  2604 | D:3      | Noticed Terence
  2615 | D:3      | Killed Terence
  2809 | D:3      | Noticed Jessica
  2816 | D:3      | Killed Jessica
  2887 | D:3      | Found a glowing silver altar of Zin.
  2905 | D:3      | Reached XP level 5. HP: 42/42 MP: 6/6
  3035 | D:3      | Reached skill level 4 in Unarmed Combat
  3188 | D:4      | Noticed a phantom
  3340 | D:4      | Noticed an orc warrior
  3353 | D:4      | Killed an orc warrior
  3353 | D:4      | Reached XP level 6. HP: 10/51 MP: 4/7
  3621 | D:4      | Reached skill level 5 in Unarmed Combat
  4285 | D:5      | Entered Level 5 of the Dungeon
  4479 | D:5      | Noticed an orc warrior
  4513 | D:5      | Killed an orc warrior
  4513 | D:5      | Reached skill level 5 in Necromancy
  4513 | D:5      | Reached XP level 7. HP: 24/58 MP: 0/8
  4670 | D:5      | Reached skill level 6 in Unarmed Combat
  5358 | D:6      | Found a staircase to the Ecumenical Temple.
  5367 | Temple   | Entered the Ecumenical Temple
  5462 | Temple   | Became a worshipper of Kikubaaqudgha
  6018 | D:7      | Reached skill level 7 in Unarmed Combat
  6020 | D:7      | Reached XP level 8. HP: 57/67 MP: 9/9
  6064 | D:7      | Found a runed translucent door.
  6065 | D:7      | Noticed a sixfirhy
  6098 | D:7      | Reached skill level 5 in Fighting
  6793 | D:7      | Reached skill level 8 in Unarmed Combat
  7204 | D:7      | Noticed a hippogriff
  7239 | D:7      | Killed a hippogriff
  7239 | D:7      | Reached skill level 9 in Unarmed Combat
  7495 | D:8      | Reached * piety under Kikubaaqudgha
  7495 | D:8      | Identified Kikubaaqudgha's Papyrus of Unholy Rites
                  | (Kikubaaqudgha gifted it to you on level 8 of the Dungeon)
  7495 | D:8      | Received a gift from Kikubaaqudgha
  7634 | D:8      | Reached XP level 9. HP: 57/78 MP: 10/10
  7643 | D:8      | Reached skill level 1 in Shields
  7849 | D:8      | Learned a level 2 spell: Corpse Rot
  8490 | D:8      | Found Jainkeibay's Armour Emporium.
  8737 | D:8      | Noticed Erica
  8743 | D:8      | HP: 3/78 [acid (11)]
  8744 | D:8      | Killed from afar by Erica

Skill      XL: |  1  2  3  4  5  6  7  8  9 |
---------------+----------------------------+-----
Unarmed Combat | 1 2 3 4 5 7 9 |  9.9
Fighting       | 1 2 3 4 6 |  6.9
Necromancy     | 5 |  5.2
Shields        | 2 |  2.3
Dodging        | |  1.7
Stealth        | |  2.1
Spellcasting   | |  1.9

Action                   |  1- 3 |  4- 6 |  7- 9 || total
-------------------------+-------+-------+-------++-------
Melee: Unarmed           |    49 |    57 |   232 ||   338
       Punch             |       |     1 |     3 ||     4
 Fire: Hunting sling     |     6 |       |    10 ||    16
Throw: Stone             |     1 |       |       ||     1
 Cast: Pain              |    96 |   105 |    60 ||   261
       Animate Skeleton  |     3 |    14 |    15 ||    32
       Vampiric Draining |       |     9 |    25 ||    34
Evoke: Wand              |       |       |     6 ||     6
  Use: Potion            |     1 |       |       ||     1
 Stab: Sleeping          |     1 |       |       ||     1
       Paralysed         |       |       |     5 ||     5
  Eat: Chunk             |    11 |    10 |    18 ||    39
       Ration            |       |       |     1 ||     1
Armor: Robe              |    11 |       |       ||    11
       Ring mail         |       |    26 |    96 ||   122
Dodge: Dodged            |    63 |    50 |   120 ||   233
Block: Buckler           |       |       |     7 ||     7
